Map: Eternal Empire LE

Players

Demi

  • Race: Zerg Zerg
  • League: Master
  • Spawn Location: 1:00

TeebuL - Winner!

  • Race: Protoss Protoss
  • Spawn Location: 7:00

Event: DreamHack SC2 Masters 2020 Fall

VOD

Have the link to the VOD?

Description

Time

  • Played on: Aug. 26, 2020, 6:52 a.m.
  • Length: 12:11

All games in this series

Show
View Real Time Build Order
Export as new Build Order

Demi Zerg 

Build Orders: Hatch First 

Get SALT Encoding   

  12  0:00  Drone  
  13  0:12  Overlord  
  13  0:16  Drone  
  14  0:30  Drone x2  
  16  0:48  Hatchery  
  15  0:52  Drone  
  15  0:55  Drone  
  17  0:58  Drone  
  18  1:09  Extractor  
  17  1:13  Spawning Pool  
  17  1:17  Drone  
  17  1:21  Drone  
  18  1:27  Drone  
  20  1:40  Drone  
  20  1:50  Overlord  
  20  2:00  Queen x2  
  24  2:01  Zergling x4  
  26  2:10  Drone  
  26  2:11  Metabolic Boost  
  27  2:17  Drone  
  29  2:22  Drone  
  29  2:23  Drone  
  30  2:33  Zergling x2  
  31  2:45  Hatchery  
  31  2:47  Queen  
  31  2:48  Drone  
  33  2:54  Overlord  
  33  2:57  Drone x2  
  35  3:00  Drone  
  35  3:12  Drone x2  
  37  3:13  Drone  
  37  3:15  Drone x2  
  37  3:18  Overlord  
  40  3:22  Drone  
  40  3:25  Queen  
  43  3:27  Zergling x2  
  43  3:33  Spore Crawler  
  43  3:34  Zergling x2  
  44  3:35  Spore Crawler  
  44  3:37  Zergling x2  
  44  3:42  Zergling x4  
  44  3:43  Overlord  
  44  3:45  Drone  
  47  3:50  Drone  
  49  3:55  Drone  
  49  4:00  Queen, Spore Crawler  
  49  4:01  Overlord  
  50  4:03  Drone  
  50  4:05  Drone  
  50  4:09  Drone  
  53  4:10  Drone  
  53  4:11  Drone  
  53  4:12  Drone  
  53  4:16  Drone  
  57  4:17  Drone, Extractor  
  57  4:18  Drone  
  59  4:25  Overlord x2  
  59  4:32  Drone x3  
  59  4:34  Overlord  
  62  4:41  Drone, Roach Warren  
  62  4:48  Drone x5  
  67  4:55  Drone  
  67  4:57  Lair  
  67  4:59  Drone  
  68  5:05  Overlord  
  68  5:06  Drone x7  
  75  5:10  Extractor x2  
  75  5:13  Drone  
  73  5:16  Drone  
  73  5:17  Drone  
  73  5:20  Extractor  
  73  5:21  Extractor x2  
  73  5:24  Drone x3  
  75  5:33  Overlord  
  75  5:37  Evolution Chamber, Hatchery  
  75  5:38  Overlord x2  
  75  5:40  Drone x5  
  76  5:50  Drone x2  
  78  5:59  Roach x2, Spire  
  78  6:00  Roach x4  
  78  6:01  Glial Reconstitution  
  89  6:05  Overseer  
  89  6:06  Baneling Nest  
  88  6:14  Drone x3  
  88  6:16  Drone x2  
  88  6:17  Overlord x2  
  93  6:19  Zerg Melee Weapons Level 1  
  93  6:25  Drone x4  
  96  6:26  Drone x2  
  96  6:32  Drone x3  
  102  6:37  Roach x3, Zergling x4  
  108  6:51  Spore Crawler  
  108  6:52  Spore Crawler  
  106  6:55  Spore Crawler  
  105  7:02  Spore Crawler  
  105  7:03  Drone x2  
  105  7:04  Queen  
  105  7:06  Unknown  
  105  7:07  Drone x4  
  111  7:08  Drone x2  
  111  7:09  Drone x3  
  111  7:10  Pneumatized Carapace  
  111  7:13  Zerg Flyer Weapons Level 1  
  116  7:16  Spore Crawler  
  116  7:18  Spore Crawler  
  116  7:21  Centrifical Hooks  
  114  7:23  Spore Crawler  
  114  7:24  Zergling x2  
  114  7:25  Zergling x24  
  126  7:34  Spore Crawler  
  126  7:35  Spore Crawler  
  119  7:39  Overlord x2  
  119  7:42  Overlord x3  
  110  7:50  Drone x8  
  114  7:55  Overlord  
  115  7:59  Overseer  
  115  8:03  Overlord  
  115  8:04  Overlord  
  115  8:08  Drone x4  
  115  8:11  Evolution Chamber  
  116  8:19  Zerg Melee Weapons Level 2  
  108  8:23  Infestation Pit  
  107  8:30  Drone x2  
  107  8:31  Drone x6  
  114  8:45  Hatchery  
  113  8:49  Zerg Missile Weapons Level 1  
  113  8:51  Drone x2  
  113  8:54  Corruptor x4  
  113  8:55  Corruptor x4  
  127  8:59  Corruptor  
  133  9:03  Corruptor  
  134  9:14  Overlord x2  
  134  9:16  Hive  
  134  9:20  Overlord x4  
  133  9:25  Corruptor x2  
  133  9:28  Drone x6  
  133  9:29  Drone x2  
  135  9:32  Drone x3  
  138  9:43  Roach x4  
  138  9:44  Roach x2, Zergling x4  
  151  9:54  Roach x3, Zergling x2  
  151  9:55  Zergling x2, Spore Crawler  
  151  9:57  Spore Crawler  
  149  10:07  Roach x8, Zergling x2  
  149  10:11  Baneling x4  
  149  10:12  Ravager  
  149  10:13  Ravager x2  
  149  10:14  Ravager x2  
  163  10:17  Roach x2, Zergling x2  
  163  10:18  Zergling x2  
  163  10:20  Baneling x5  
  169  10:26  Roach  
  169  10:27  Roach x5  
  172  10:38  Roach x7, Zergling x2  
  167  10:47  Roach x6, Zergling x2  
  154  10:52  Roach  
  154  10:53  Roach x3  
  151  10:58  Roach x3, Zergling x2  
  153  11:08  Roach x5  
  133  11:12  Roach x2  
  133  11:17  Roach, Zergling x2  
  114  11:21  Roach  
  114  11:22  Zergling x2  
  103  11:27  Roach  
  99  11:39  Roach x5  
  94  11:49  Roach x5  
Show
View Real Time Build Order
Export as new Build Order

TeebuL Protoss - Winner!

Build Orders: 1 Gate Expand, Oracle Opening, Phoenix Opening 

Get SALT Encoding   

  12  0:00  Probe  
  13  0:12  Probe  
  14  0:20  Pylon  
  14  0:24  Probe  
  15  0:38  Probe (Chrono Boost)  
  16  0:42  Gateway  
  17  0:50  Probe (Chrono Boost)  
  17  0:51  Assimilator  
  17  0:56  Probe (Chrono Boost)  
  18  1:04  Probe  
  19  1:16  Probe  
  20  1:27  Nexus  
  20  1:38  Cybernetics Core  
  21  1:40  Probe  
  21  1:47  Assimilator  
  21  1:52  Probe  
  22  1:55  Pylon  
  22  2:04  Probe  
  23  2:12  Adept (Chrono Boost)  
  25  2:16  Probe  
  26  2:26  Stargate  
  26  2:28  Probe  
  27  2:35  Adept  
  29  2:38  Warp Gate  
  29  2:40  Probe x2  
  31  2:52  Probe (Chrono Boost)  
  31  2:57  Probe (Chrono Boost)  
  33  3:03  Probe (Chrono Boost)  
  35  3:06  Probe (Chrono Boost)  
  35  3:07  Oracle (Chrono Boost)  
  35  3:11  Probe (Chrono Boost)  
  35  3:12  Probe (Chrono Boost)  
  40  3:18  Probe  
  40  3:19  Adept  
  43  3:20  Gateway  
  43  3:24  Probe  
  44  3:30  Pylon  
  44  3:31  Probe  
  45  3:36  Probe  
  46  3:48  Phoenix, Probe x2  
  50  4:00  Probe  
  50  4:01  Probe  
  51  4:05  Nexus  
  51  4:08  Pylon  
  51  4:12  Probe  
  51  4:13  Probe  
  53  4:23  Oracle (Chrono Boost)  
  53  4:24  Assimilator  
  53  4:25  Assimilator  
  53  4:26  Probe  
  53  4:27  Pylon  
  53  4:30  Shield Battery  
  57  4:31  Probe  
  57  4:38  Adept x2  
  62  4:42  Probe  
  62  4:45  Probe  
  64  4:54  Probe  
  64  4:58  Probe  
  66  5:06  Probe  
  67  5:08  Stargate  
  67  5:10  Stargate, Probe  
  68  5:15  Adept  
  68  5:18  Probe  
  68  5:19  Probe  
  72  5:22  Probe  
  72  5:27  Forge  
  73  5:30  Probe  
  73  5:31  Probe  
  73  5:32  Adept  
  73  5:34  Probe  
  78  5:42  Phoenix (Chrono Boost), Probe  
  79  5:43  Probe  
  79  5:44  Assimilator  
  79  5:45  Assimilator  
  79  5:47  Probe  
  79  5:49  Pylon  
  83  5:50  Pylon  
  83  5:54  Probe  
  83  5:56  Phoenix (Chrono Boost)  
  82  5:57  Protoss Air Weapons Level 1 (Chrono Boost)  
  82  5:59  Phoenix (Chrono Boost)  
  82  6:01  Probe  
  85  6:06  Pylon  
  85  6:07  Probe  
  85  6:08  Photon Cannon  
  85  6:09  Phoenix (Chrono Boost)  
  85  6:10  Photon Cannon  
  88  6:13  Probe  
  88  6:14  Probe  
  90  6:19  Probe  
  90  6:20  Phoenix x2 (Chrono Boost)  
  90  6:25  Phoenix (Chrono Boost), Probe  
  96  6:26  Pylon, Probe  
  96  6:28  Pylon  
  96  6:31  Probe  
  100  6:37  Probe  
  100  6:38  Probe  
  100  6:39  Sentry  
  104  6:41  Zealot  
  104  6:43  Probe  
  105  6:47  Phoenix x2  
  105  6:51  Shield Battery  
  105  6:52  Shield Battery  
  109  6:54  Gateway  
  109  6:56  Gateway  
  109  6:59  Protoss Ground Weapons Level 1  
  109  7:00  Twilight Council, Phoenix  
  111  7:10  Photon Cannon  
  111  7:15  Phoenix x2  
  115  7:24  Photon Cannon  
  115  7:25  Phoenix  
  115  7:27  Pylon  
  115  7:29  Pylon  
  115  7:44  Phoenix x2  
  119  7:51  Charge (Chrono Boost)  
  119  7:59  Gateway  
  119  8:00  Gateway  
  119  8:02  Gateway  
  119  8:05  Gateway  
  119  8:06  Robotics Facility  
  119  8:07  Zealot x2, Stalker x2  
  119  8:08  Gateway  
  119  8:11  Gateway  
  127  8:19  Pylon  
  127  8:20  Pylon  
  127  8:22  Pylon  
  127  8:25  Templar Archives  
  125  8:34  Zealot x4  
  132  8:54  Warp Prism  
  134  9:02  Psionic Storm  
  134  9:04  Nexus  
  134  9:06  Pylon  
  134  9:07  Pylon  
  134  9:12  High Templar x6  
  144  9:18  Protoss Ground Weapons Level 2 (Chrono Boost)  
  144  9:22  Shield Battery  
  136  9:37  Archon  
  136  9:38  Archon x2  
  134  9:39  Stalker x4  
  138  9:49  Observer (Chrono Boost)  
  138  9:50  Photon Cannon  
  138  9:51  Photon Cannon, Stalker x4  
  138  9:52  Zealot x2  
  151  9:53  Shield Battery  
  151  9:55  Shield Battery  
  143  10:17  Probe x3, Pylon  
  143  10:19  Pylon  
  143  10:21  Zealot x7  
  152  10:22  Zealot x3  
  139  10:44  Zealot x8  
  139  10:45  Zealot x2  
  145  10:51  Probe x3  
  142  10:58  Probe  
  135  11:05  Zealot x2  
  135  11:06  Zealot x8  
  135  11:08  Warp Prism (Chrono Boost)  
  145  11:13  Probe x2  
  126  11:28  High Templar x8  
  142  11:42  Archon x3  
  142  11:43  Archon  
  138  11:47  Stalker  
  138  11:48  Stalker  
  138  12:00  Stalker x5  
  138  12:01  Stalker x2  

Tags
 
Add a new tag
Caveats
  • Supply blocks, unpowered buildings, or Contaminate may cause inaccurate times.
  • Supply counts are checked every 10 seconds.